 Dungeon Crawl Stone Soup version 0.18.1-5-g4a78601 (webtiles) character file.

1331 Goblin1989 the Cleaver (level 8, -3/62 HPs)
             Began as a Hill Orc Gladiator on May 12, 2016.
             Killed from afar by an orc wizard (4 damage)
             ... with a puff of frost
             ... on level 5 of the Dungeon.
             The game lasted 00:06:20 (4103 turns).

Goblin1989 the Cleaver (Hill Orc Gladiator)         Turns: 4103, Time: 00:06:21

Health: -3/62      AC:  6    Str: 19 (20) XL:     8   Next: 60%
Magic:  8/8        EV: 11    Int:  8      God:
Gold:   162        SH:  0    Dex: 11      Spells: 0 memorised, 7 levels left

rFire  . . .     SeeInvis .     a - +0 war axe
rCold  . . .     Gourm    .     v - +0 ring mail
rNeg   . . .     Faith    .     (no shield)
rPois  .         Spirit   .     c - +0 helmet
rElec  .         Dismiss  .     (no cloak)
rCorr  .         Reflect  .     (no gloves)
SustAt .         Harm     .     (no boots)
MR     .....                    (no amulet)
Stlth  +.........               (no ring)
                                (no ring)

@: lethally poisoned (-3 -> -39), not resistant to hostile enchantments, very
unstealthy
A: no striking features
a: no special abilities


You were on level 5 of the Dungeon.
You were near starving.

You visited 1 branch of the dungeon, and saw 5 of its levels.

You collected 162 gold pieces.

Inventory:

Hand Weapons
 a - a +0 war axe (weapon)
Missiles
 d - 3 throwing nets (quivered) {=f, !d}
Armour
 c - a +0 helmet (worn)
 v - a +0 ring mail (worn)
Wands
 n - a wand of random effects (34/48)
 o - a wand of iceblast (4/15)
 q - a wand of confusion (14/48)
Scrolls
 e - a scroll of magic mapping {unknown}
 h - a scroll of recharging {unknown}
 i - 2 scrolls of immolation {unknown}
 j - 7 scrolls of identify {unknown}
 l - a scroll of amnesia {unknown}
 u - 2 scrolls of enchant weapon {unknown}
 x - a scroll of fog {unknown}
 y - 3 scrolls of teleportation {unknown}
Potions
 g - a potion of mutation {unknown}
 k - a potion of curing
 p - a potion of magic {unknown}
 s - a potion of cure mutation {!q}
 w - a potion of lignification {unknown}
Books
 b - a book of Beasts

   Spells                             Type                      Level
   a - Summon Butterflies             Summoning                    1
   b - Call Canine Familiar           Summoning                    3
   c - Summon Ice Beast               Ice/Summoning                4
   d - Summon Mana Viper              Hexes/Summoning              5
   e - Summon Hydra                   Summoning                    7
Comestibles
 f - 3 bread rations
 r - 2 beef jerkies


   Skills:
 - Level 2.4 Fighting
 * Level 13.3 Axes
 - Level 1.7 Throwing
 - Level 2.4 Dodging


You had 7 spell levels left.
You didn't know any spells.

Dungeon Overview and Level Annotations

Branches:
Dungeon (5/15)
 Temple: D:4-7

Altars:
Nemelex Xobeh
Vehumet
Xom


Message History

You take 1 damage, and have 11/62 hp.
You closely miss something.
You feel sick. Something hits you.
You are more poisoned.
Something hits you but does no damage.
The orc throws a steel tomahawk.
The steel tomahawk hits you but does no damage.
You take 3 damage, and have 8/62 hp.
You miss something.
You feel very sick. Something hits you but does no damage.
You take 3 damage, and have 5/62 hp.
You miss something.
You feel sick.
The orc throws a steel tomahawk.
The steel tomahawk barely misses you. Something hits you but does no damage.
You are more poisoned.
You take 1 damage, and have 4/62 hp.
You miss something.
You feel very sick.
You hear some strange, mumbled words.
A puff of frost appears from out of thin air!
The puff of frost hits you!
You die...

##### #############......
#..(....@{o.)......
#.##########.P.≈PP. ##
#........ oo..≈≈≈
..####.##.######oP≈.≈.≈≈
............>.....P.≈≈≈≈≈
##.#....##.###### .≈≈≈≈.≈
#.......# ..≈≈≈≈≈
#.......# .≈♣≈≈≈P
#.......#


You could see an orc.

Vanquished Creatures
  Pikel (D:4)
  Sigmund (D:2)
  A sky beast (D:5)
  A scorpion (D:5)
  A howler monkey (D:4)
  A crimson imp (D:3)
  5 orc wizards
  An orc priest (D:4)
  A giant frog skeleton (D:4)
  Ijyb (D:2)
  2 worker ants
  Natasha (thrice) (D:2)
  A hound skeleton (D:4)
  2 adders
  A howler monkey skeleton (D:5)
  3 dart slugs
  4 giant geckos
  17 orcs
  10 bats
  5 giant cockroaches
  6 hobgoblins
  14 jackals
  4 quokkas
  2 ball pythons
  5 giant newts
  5 goblins
  10 kobolds
  6 rats
114 creatures vanquished.

Notes
Turn   | Place    | Note
--------------------------------------------------------------
     0 | D:1      | Goblin1989 the Hill Orc Gladiator began the quest for the Orb.
     0 | D:1      | Reached XP level 1. HP: 18/18 MP: 1/1
    89 | D:1      | Reached XP level 2. HP: 14/25 MP: 2/2
   392 | D:1      | Reached skill level 5 in Axes
  1031 | D:2      | Noticed Sigmund
  1046 | D:3      | Reached XP level 3. HP: 18/30 MP: 3/3
  1159 | D:2      | Noticed Natasha
  1165 | D:2      | Killed Natasha
  1165 | D:2      | Reached skill level 6 in Axes
  1197 | D:2      | Noticed Natasha
  1209 | D:2      | Killed Natasha
  1209 | D:2      | Reached XP level 4. HP: 3/37 MP: 4/4
  1806 | D:2      | Noticed Ijyb
  1819 | D:2      | Killed Ijyb
  1819 | D:2      | Reached skill level 7 in Axes
  1862 | D:2      | Reached XP level 5. HP: 16/42 MP: 5/5
  2122 | D:2      | Noticed Natasha
  2127 | D:2      | Killed Natasha
  2174 | D:2      | Killed Sigmund
  2174 | D:2      | Reached skill level 9 in Axes
  2174 | D:2      | Reached XP level 6. HP: 47/50 MP: 6/6
  2304 | D:2      | Found a faded altar to an unknown god.
  3106 | D:4      | Reached skill level 10 in Axes
  3106 | D:4      | Reached XP level 7. HP: 53/56 MP: 7/7
  3366 | D:4      | Found a sparkling altar of Nemelex Xobeh.
  3366 | D:4      | Found a radiant altar of Vehumet.
  3480 | D:4      | Reached skill level 11 in Axes
  3791 | D:4      | Noticed Pikel
  3815 | D:4      | Killed Pikel
  3815 | D:4      | Reached skill level 12 in Axes
  3815 | D:4      | Reached XP level 8. HP: 46/62 MP: 8/8
  3836 | D:4      | Found a shimmering altar of Xom.
  3978 | D:5      | Entered Level 5 of the Dungeon
  4021 | D:5      | Reached skill level 13 in Axes
  4103 | D:5      | HP: 1/62 [poisoned by an orc wizard]
  4103 | D:5      | Killed from afar by an orc wizard

Skill      XL: |  1  2  3  4  5  6  7  8 |
---------------+-------------------------+-----
Axes           | 5 6 7 9 10 12 13 | 13.3
Fighting       | |  2.4
Throwing       | |  1.7
Dodging        | |  2.4

Action                   |  1- 3 |  4- 6 |  7- 9 || total
-------------------------+-------+-------+-------++-------
Melee: War axe           |   105 |   145 |   158 ||   408
Throw: Throwing net      |       |     2 |       ||     2
Evoke: Wand              |       |     3 |       ||     3
  Use: Potion            |       |       |     5 ||     5
 Stab: Sleeping          |     1 |       |       ||     1
  Eat: Chunk             |     1 |     6 |     2 ||     9
Armor: Leather armour    |    45 |    21 |       ||    66
       Ring mail         |       |    23 |    65 ||    88
Dodge: Dodged            |    91 |    92 |    82 ||   265
